 Dungeon Crawl Stone Soup version 0.29.1-13-g9f3cf754e1 (webtiles) character file.

Game seed: 564983023138547701

23 zeram the Grave Robber (level 2, 0/20 HPs)
             Began as a Gnoll Necromancer on Feb 10, 2023.
             Slain by an orc
             ... wielding a +0 hand axe
              (6 damage)
             ... on level 3 of the Dungeon.
             The game lasted 00:01:44 (1359 turns).

zeram the Grave Robber (Gnoll Necromancer)          Turns: 1359, Time: 00:01:45

Health: 0/20       AC:  4    Str: 13    XL:     2   Next: 95%
Magic:  7/7        EV: 13    Int: 14    God:
Gold:   15         SH:  0    Dex: 12    Spells: 9/10 levels left

rFire   . . .      SeeInvis .   c - +0 whip
rCold   . . .      Faith    .   (no shield)
rNeg    . . .      Spirit   .   a - +2 robe
rPois   .          Reflect  .   (no helmet)
rElec   .          Harm     .   (no cloak)
rCorr   .          Rampage  .   (no gloves)
Will    .....                   (no boots)
Stlth   ++........              (no amulet)
HPRegen 0.06/turn               e - +6 ring of strength
MPRegen 0.10/turn               (no ring)

@: no status effects
A: fangs 1, strong nose, distributed training
a: no special abilities


You were on level 3 of the Dungeon.
You visited 1 branch of the dungeon, and saw 3 of its levels.

You collected 15 gold pieces.

Inventory:

Hand Weapons
 c - a +0 whip (weapon)
Armour
 a - a +2 robe (worn)
Jewellery
 e - a +6 ring of strength (left hand)
Scrolls
 f - 2 scrolls of enchant armour
Potions
 b - a potion of magic
 d - 2 potions of mutation
 g - 3 potions of heal wounds


   Skills:
 + Level 0.5 Fighting
 + Level 0.5 Short Blades
 + Level 0.5 Long Blades
 + Level 0.5 Axes
 + Level 0.5 Maces & Flails
 + Level 0.5 Polearms
 + Level 0.5 Staves
 + Level 0.5 Ranged Weapons
 + Level 0.5 Throwing
 + Level 0.5 Armour
 + Level 4.5 Dodging
 + Level 4.1 Stealth
 + Level 0.5 Shields
 + Level 0.5 Unarmed Combat
 + Level 4.9 Spellcasting
 + Level 0.4 Conjurations
 + Level 0.4 Hexes
 + Level 0.4 Summonings
 + Level 7.0 Necromancy
 + Level 0.4 Translocations
 + Level 0.4 Transmutations
 + Level 0.4 Fire Magic
 + Level 0.4 Ice Magic
 + Level 0.4 Air Magic
 + Level 0.4 Earth Magic
 + Level 0.4 Poison Magic
 + Level 0.7 Invocations
 + Level 0.5 Evocations


You had 9 spell levels left.
You knew the following spells:

 Your Spells              Type           Power      Damage    Failure   Level
a - Necrotise             Necr           92%        1d8       1%          1

Your spell library contained the following spells:

 Spells                   Type           Power      Damage    Failure   Level
 Vampiric Draining        Necr           23%        2d7       2%          3
 Animate Dead             Necr           23%        N/A       10%         4
 Magic Dart               Conj           16%        1d3       16%         1
 Blink                    Tloc           8%         N/A       22%         2
 Call Imp                 Summ           4%         N/A       22%         2
 Agony                    Necr           23%        N/A       26%         5
 Lesser Beckoning         Tloc           4%         N/A       41%         3
 Mephitic Cloud           Conj/Pois/Air  4%         N/A       41%         3
 Manifold Assault         Tloc           4%         N/A       99%         5


Dungeon Overview and Level Annotations

Branches:
Dungeon (3/15)

Altars:

Shops:
D:3 =[

Annotations:
D:2 1 runed translucent door, Crazy Yiuf, Sigmund


Innate Abilities, Weirdness & Mutations

You have very sharp teeth.
Your uncanny sense of smell can sniff out nearby items.
Your experience applies equally to all skills.


Message History

You are too injured to fight recklessly!
You are too injured to fight recklessly!
You are too injured to fight recklessly!
You are too injured to fight recklessly!
You are too injured to fight recklessly!
You are too injured to fight recklessly!
You are too injured to fight recklessly!
You are too injured to fight recklessly!
You are too injured to fight recklessly!
You are too injured to fight recklessly!
You hit the ball python.
The ball python is heavily wounded.
The ball python bites you but does no damage.
The ball python constricts you. The orc hits you with a +0 hand axe.
You hit the ball python.
You kill the ball python!
The orc barely misses you. The orc barely misses you.
The orc throws a boomerang of dispersal.
The boomerang of dispersal closely misses you.
You are too injured to fight recklessly!
The orc closely misses you.
You closely miss the orc. The orc hits you with a +0 hand axe.
* * * LOW HITPOINT WARNING * * *
You hit the orc but do no damage. Your bite misses the orc.
The orc hits you but does no damage.
You hit the orc. Your bite misses the orc.
The orc is moderately wounded.
The orc misses you. x2
You barely miss the orc.
The orc is moderately wounded.
The orc hits you with a +0 hand axe.
* * * LOW HITPOINT WARNING * * *
You hit the orc but do no damage. You bite the orc, but do no damage.
The orc is moderately wounded.
The orc misses you.
You hit the orc but do no damage.
The orc is moderately wounded.
The orc hits you with a +0 hand axe.
You die...

#. .# #.#.######
#.#...... #.......
##### #.#...#.# ....
#..#.#..#
#####.###...∩...#
#.......#..#.#..
#...#.#.o@#...#.
#...#.#.........#
#.................
#.#..##.#############
#....................
###..##.#####........
#..................
#...#'#####.#######
#........>.........


You could see an orc.

Vanquished Creatures
  2 dart slugs (D:1)
  2 endoplasms
  3 giant cockroaches
  A goblin (D:1)
  2 hobgoblins
  A kobold (D:1)
  2 ball pythons
  3 bats
16 creatures vanquished.

Notes
Turn   | Place    | Note
-------+----------+-------------------------------------------
     0 | D:1      | zeram the Gnoll Necromancer began the quest for the Orb.
     0 | D:1      | Reached XP level 1. HP: 13/13 MP: 6/6
   183 | D:1      | Reached XP level 2. HP: 15/19 MP: 7/7
   659 | D:1      | You fall into a shaft and drop 1 floor!
   849 | D:2      | Found a runed translucent door.
   850 | D:2      | Noticed Crazy Yiuf
   882 | D:2      | Noticed Sigmund
   985 | D:3      | Found Caimniyh's Armour Shoppe.
  1338 | D:3      | Found Zutucikk's Jewellery Shoppe.
  1359 | D:3      | Slain by an orc

Illustrated notes

Levels and vault maps discovered:
D:1:      dpeg_arrival_renting, layout_rooms, chequers_ecumenical_altar_island,
          chequers_arboretum
D:2:      layout_basic, minmay_three_crescents, uniq_crazy_yiuf_cottage,
          uniq_sigmund
D:3:      layout_basic, serial_shops, shop, nicolae_shop_bloodbath_and_beyond,
          nicolae_shop_advertising_works [nicolae_subvault_shop_adworks],
          chequers_garden, minivault_5

Action                   || total
-------------------------++-------
Melee: Whip              ||    85
       Bite              ||    15
 Cast: Necrotise         ||     3
  Use: Scroll            ||     4
 Stab: Sleeping          ||     2
Armor: Robe              ||    23
Dodge: Dodged            ||    57
